 Dungeon Crawl Stone Soup version 0.25-a0-781-gc44aebf4fe (webtiles) character file.

Game seed: 8735366747034780718, levelgen mode: deterministic

497 MirrMurr the Slinger (level 7, -4/46 HPs)
             Began as a Halfling Hunter on Apr 16, 2020.
             Was an Initiate of Okawaru.
             Slain by an ogre
             ... wielding a +0 giant club
              (14 damage)
             ... on level 6 of the Dungeon.
             The game lasted 00:09:26 (4647 turns).

MirrMurr the Slinger (Halfling Hunter)              Turns: 4647, Time: 00:09:27

Health: -4/46      AC:  6    Str: 15    XL:     7   Next: 39%
Magic:  7/7        EV: 13    Int:  9    God:    Okawaru [......]
Gold:   290        SH:  0    Dex: 15    Spells: 6/6 levels left

rFire    + . .     SeeInvis .   a - +2 hunting sling
rCold    . . .     Gourm    .   (shield restricted)
rNeg     . . .     Faith    .   A - +0 scale mail
rPois    .         Spirit   .   (no helmet)
rElec    .         Reflect  .   (no cloak)
rCorr    .         Harm     .   (no gloves)
MR       .....                  (no boots)
Stlth    ..........             (no amulet)
HPRegen  0.15/turn              i - ring of protection from fire
MPRegen  0.10/turn              (no ring)

@: no status effects
A: small, mutation resistance 1
a: Renounce Religion


You were on level 6 of the Dungeon.
You worshipped Okawaru.
Okawaru was noncommittal.
You were hungry.

You visited 2 branches of the dungeon, and saw 7 of its levels.

You collected 290 gold pieces.

Inventory:

Hand Weapons
 a - a +2 hunting sling (weapon)
 b - a +0 dagger of venom
 g - a +0 fustibalus
 t - a +2 dagger of venom
Missiles
 d - 24 sling bullets (quivered)
 m - 115 stones
Armour
 A - a +0 scale mail (worn)
Jewellery
 i - a ring of protection from fire (left hand)
 l - an uncursed ring of positive energy {unknown}
Wands
 u - a wand of iceblast (4)
 w - a wand of acid (6)
 y - a wand of disintegration (11)
Scrolls
 e - a scroll of enchant armour
 h - a scroll of fog
 q - a scroll of enchant weapon
 r - a scroll of remove curse
 x - 2 scrolls of teleportation
Potions
 k - 3 potions of curing
 n - 2 potions of lignification {unknown}
 o - 4 potions of flight
 p - a potion of mutation {unknown}
 s - a potion of heal wounds {unknown}
 v - 2 potions of cancellation
Comestibles
 f - 7 rations


   Skills:
 + Level 3.1 Fighting
 - Level 2.5 Short Blades
 * Level 9.3 Slings
 - Level 1.5 Armour
 + Level 3.8 Dodging
 - Level 1.3 Stealth
 + Level 0.1 Invocations


You had 6 spell levels left.
You didn't know any spells.
Your spell library was empty.

Dungeon Overview and Level Annotations

Branches:
Dungeon (6/15)             Temple (1/1) D:5

Altars:
Ashenzari
Cheibriados
Dithmenos
Elyvilon
Gozag
Makhleb
Nemelex Xobeh
Okawaru
Qazlal
Ru
Uskayaw
Wu Jian
Xom
Zin
The Shining One


Innate Abilities, Weirdness & Mutations

You are small and have problems with some larger weapons.
You are somewhat resistant to further mutation.


Message History

You barely miss the ogre.
The ogre is severely wounded.
The ogre hits you with a +0 giant club!
* * * LOW HITPOINT WARNING * * *
Your +0 dagger of venom stops dripping with poison.
a - a +2 hunting sling (weapon)
You are too injured to fight recklessly!
Firing (i - inventory. (/) - cycle)
d - 26 sling bullets (quivered)
Press: ? - help, Shift-Dir - straight line, f/p - ogre
Aim: an ogre, wielding a +0 giant club (severely wounded)
You shoot a sling bullet.
The sling bullet closely misses the ogre.
Firing (i - inventory. (/) - cycle)
d - 25 sling bullets (quivered)
Press: ? - help, Shift-Dir - straight line, f/p - ogre
Aim: an ogre, wielding a +0 giant club (severely wounded)
You shoot a sling bullet.
The sling bullet hits the ogre but does no damage.
The ogre is severely wounded.
The ogre hits you with a +0 giant club!
You die...

,......#...#
**,,,,,,,,,
,..........# **,,,,,,**
,..........## *,,,,***
,......>....# ***,,,**
*...........# ***,,**
*...........# **,,,
*.......<...# #####
**,, *#..........#
##...#### **,
##.........###.@.....#*
**
##.........#..O......#
****
##.#......#........##
*,,,
#.................#
*,,,
##.......(........#
*,,, #...^...........##
**,, ##........(.....#
*,, #........(....##
**,, #.........(...#
*** **,,,


You could see an ogre.

Vanquished Creatures
  2 ogres
  2 scorpions (D:5)
  A crimson imp (D:5)
  A hound (D:5)
  A worker ant (D:5)
  4 gnolls
  5 adders
  An adder skeleton (D:5)
  A worm (D:2)
  A dart slug (D:2)
  3 leopard geckos
  4 orcs
  4 bats
  A giant cockroach (D:4)
  7 goblins
  2 hobgoblins (D:2)
  7 jackals (D:4)
  A quokka (D:5)
  2 frilled lizards
  4 kobolds
  A quokka skeleton (D:4)
  3 rats
58 creatures vanquished.

Notes
Turn   | Place    | Note
-------+----------+-------------------------------------------
     0 | D:1      | MirrMurr the Halfling Hunter began the quest for the Orb.
     0 | D:1      | Reached XP level 1. HP: 14/14 MP: 1/1
   137 | D:1      | Reached skill level 6 in Slings
   298 | D:1      | Reached XP level 2. HP: 16/19 MP: 2/2
   961 | D:2      | Reached XP level 3. HP: 24/24 MP: 3/3
  1071 | D:2      | Found a sparkling altar of Nemelex Xobeh.
  1082 | D:2      | Reached skill level 1 in Armour
  1084 | D:2      | Reached skill level 1 in Short Blades
  1088 | D:2      | Reached XP level 4. HP: 15/29 MP: 4/4
  1338 | D:2      | Found an opulent altar of Gozag.
  2144 | D:3      | Reached XP level 5. HP: 34/34 MP: 5/5
  2637 | D:4      | Reached skill level 7 in Slings
  2792 | D:4      | Noticed an ogre
  2831 | D:4      | Killed an ogre
  2831 | D:4      | Reached XP level 6. HP: 19/41 MP: 6/6
  3220 | D:4      | Found a glowing golden altar of the Shining One.
  3569 | D:5      | Entered Level 5 of the Dungeon
  3583 | D:5      | Reached skill level 8 in Slings
  3762 | D:5      | Reached XP level 7. HP: 27/45 MP: 7/7
  3912 | D:5      | Reached skill level 9 in Slings
  3969 | D:5      | Found a staircase to the Ecumenical Temple.
  3978 | Temple   | Entered the Ecumenical Temple
  4002 | Temple   | Became a worshipper of Warmaster Okawaru
  4647 | D:6      | Slain by an ogre

Levels and vault maps discovered:
D:1:      co_arrival_square_in_a_square_in_a_square, layout_loops_corners
D:2:      layout_basic, grunt_temple_overflow_opulence
D:3:      layout_rooms, first_ration, grunt_decor_resistance
D:4:      layout_basic, tso_altar, minmay_stone_trees_medium
D:5:      layout_rooms, minmay_temple_entry_trees, hangedman_decor_push
D:6:      layout_cave_pods, ebering_dispersal_statue_hall
Temple:   chequers_temple_sunken

Skill      XL: |  1  2  3  4  5  6  7 |
---------------+----------------------+-----
Slings         | 6 7 8 9 |  9.3
Armour         | 1 |  1.5
Short Blades   | 2 |  2.5
Fighting       | 2 3 |  3.1
Dodging        | 3 |  3.8
Stealth        | |  1.3
Invocations    | |  0.1

Action                   |  1- 3 |  4- 6 |  7- 9 || total
-------------------------+-------+-------+-------++-------
Melee: Short sword       |    48 |     3 |       ||    51
       Dagger            |       |   127 |    23 ||   150
 Fire: Hunting sling     |    13 |    24 |    16 ||    53
  Use: Scroll            |     2 |     8 |     3 ||    13
  Eat: Chunk             |       |     7 |     4 ||    11
Armor: Leather armour    |    10 |    16 |     1 ||    27
Dodge: Dodged            |    48 |    85 |    20 ||   153

Table legend:
 A = Non-vault XP
 B = Vault XP
 C = Vault XP percentage of total XP
 D = Non-vault monster count
 E = Vault monster count
 F = Vault count percentage of total count
                 A         B        C        D         E       F
            +---------+---------+-------+---------+---------+-------
      Total |     711 |       0 |   0.0 |      58 |       0 |   0.0
            +---------+---------+-------+---------+---------+-------
        D:1 |      28 |       0 |   0.0 |       9 |       0 |   0.0
        D:2 |      92 |       0 |   0.0 |      16 |       0 |   0.0
        D:3 |      22 |       0 |   0.0 |       6 |       0 |   0.0
        D:4 |     172 |       0 |   0.0 |      17 |       0 |   0.0
        D:5 |     397 |       0 |   0.0 |      10 |       0 |   0.0
            +---------+---------+-------+---------+---------+-------
